cohdb
Replays
Latest Replays
All Replays
Popular Replays
Top Player Replays
Match Explorer
How It Works
Community
CoH3 Stats
Reddit
Sign in to upload your games and track your stats! →
Sign in with Steam
Match 45710866
Unlisted
Match 45710866
Overview
Messages
Build Orders
End
Construct Infanterie Kompanie
MG 42 Machine Gun Team
Selects Breakthrough Battlegroup
Selects Assault Grenadiers
Grenadier Squad
Grenadier Squad
Grenadier Squad
Infanterie Officer Quarters
Construct Panzergrenadier Kompanie
Selects Breakthrough
Pak 40 Anti-tank Gun Team
Forward Retreat Point
Selects Mechanized Assault Group
Mechanized Assault Group
Selects Rapid Production
Construct Panzer Kompanie
Sturmpanzer IV Brummbär
Selects Blitzkrieg
Sturmpanzer IV Brummbär
Side Skirts
Stoßtruppen Squad
Panzer Officer Quarters
IIIIIIIIIIIIIIII
oath
loner
Diter Rams
Rangiku licking icecream
Yong_Old Yong
Davidoff
HOOKENE
0
0
Comments
sign in to comment!
No comments posted yet!